 Dungeon Crawl Stone Soup version 0.30-a0-721-ga6a225cb13 (webtiles) character file.

Game seed: 14690871948455833365

47 kae the Insei (level 3, -2/26 HPs)
             Began as a Demonspawn Transmuter on Jan 27, 2023.
             Slain by a gnoll
             ... wielding a +0 flail
              (6 damage)
             ... on level 1 of the Dungeon.
             The game lasted 00:01:44 (1096 turns).

kae the Insei (Demonspawn Transmuter)               Turns: 1096, Time: 00:01:44

Health: -2/26      AC:  2    Str: 10    XL:     3   Next: 48%
Magic:  2/6        EV: 12    Int: 16    God:
Gold:   39         SH:  0    Dex: 13    Spells: 0/6 levels left

rFire   . . .      SeeInvis .      - Unarmed
rCold   . . .      Faith    .    (no shield)
rNeg    . . .      Spirit   .    a - +0 robe
rPois   .          Reflect  .    (no helmet)
rElec   .          Harm     .    (no cloak)
rCorr   .          Rampage  .    (no gloves)
Will    .....                    (no boots)
Stlth   +                        (no amulet)
HPRegen 0.24/turn                (no ring)
MPRegen 0.10/turn                (no ring)

@: hasted, very quick
A: hooves 1, foul stench 1
a: no special abilities


You were on level 1 of the Dungeon.
You visited 1 branch of the dungeon, and saw 2 of its levels.

You collected 39 gold pieces.


Innate Abilities, Weirdness & Mutations

You have large cloven feet.
You may rarely emit foul miasma when damaged in melee.


   Skills:
 - Level 1.0 Fighting
 - Level 1.7 Dodging
 + Level 3.0 Unarmed Combat
 + Level 2.4 Spellcasting
 * Level 2.7 Transmutations
 * Level 0.4 Poison Magic


You couldn't memorise any spells.
You knew the following spells:

 Your Spells              Type           Power      Damage    Failure   Level
a - Beastly Appendage     Tmut           20%        N/A       6%          1
b - Wereblood             Tmut           10%        N/A       10%         2
c - Spider Form           Tmut/Pois      7%         N/A       30%         3

Your spell library contained the following spells:

 Spells                   Type           Power      Damage    Failure   Level
 Ice Form                 Ice/Tmut       6%         N/A       73%         4

Inventory:

Missiles
 c - 19 stones
Armour
 a - a +0 robe (worn)
Scrolls
 d - a scroll of fog
 f - a scroll of noise {unknown}
 g - a scroll of identify {unknown}
Potions
 b - 2 potions of lignification {!q}

Dungeon Overview and Level Annotations

Branches:
Dungeon (2/15) Zot: 10901

Altars:

#...# ##.........#
#..## #.....##.## #..#
#.#.#.##.#
###..#########.#.#.##.#
.##..##.....##.#.#.##.#
.##...'..<..##.#.#.##.#
.##..##.....##.#.#.##.#
.'...#########.#g#.##.#
.##..#########..@..##.#
.##............######.#
.##.⌠.........#.#####.#
###...##########......#
##..^########...######
#...........###.#
###########.# #.#
#.###.# #.....#


You could see a gnoll (very poisoned).


Message History

The spell is quite dangerous to miscast (24% risk of failure)!
Continue anyway? [Y]es or [N]o only, please.
The spell is quite dangerous to miscast (24% risk of failure)!
Continue anyway?
Okay, then.
A gnoll comes into view. It is wielding a +0 halberd.
Your transformation is almost over.
Casting: Wereblood (quite dangerous; 24% risk of failure)
Confirm with . or Enter, or press ? or * to list all spells.
The spell is quite dangerous to miscast (24% risk of failure)!
Continue anyway? [Y]es or [N]o only, please.
The spell is quite dangerous to miscast (24% risk of failure)!
Continue anyway?
Your blood is infused with primal strength.
The gnoll shouts! 😎 MP[-2]
You lost 2 mp, and now have 1/6 mp.
You hit the gnoll. The gnoll completely misses you.
You hit the gnoll but do no damage.
The gnoll is poisoned.
The gnoll completely misses you.
Unknown command.
You hit the gnoll but do no damage.
The gnoll looks as sick as possible!
The gnoll hits you with a +0 flail!
You emit a cloud of foul miasma! 😮 HP[-7]
You take 7 damage, and now have 19/26 hp.
MASSIVE DAMAGE!! (PAUSE)
You hit the gnoll.
You feel a bit better.
You kill the gnoll!
The gnoll hits you from afar with a +0 halberd. 😮 HP[-3]
You take 3 damage, and now have 16/26 hp.
Unknown command. 😮 HP[+1] MP[+1]
Your transformation has ended.
Your +0 robe unmelds from your body.
A worm comes into view. 😮 HP[+1]
A kobold comes into view. It is wielding a +0 whip.
The kobold shouts! 😮 HP[+1] 😮 MP[+1]
Your primal bloodlust is almost over. 😕 HP[+1]
You howl as the wereblood boils in your veins! 😕 HP[+1]
Your primal bloodlust has ended. 😕 MP[+1] 😕 HP[+1] 😕 HP[+1]
There is a stone staircase leading up, spattered with blood here.
You see here a +0 club.
Casting: Wereblood (safe; 10% risk of failure)
Confirm with . or Enter, or press ? or * to list all spells.
The spell is extremely dangerous to miscast (30% risk of failure)!
Continue anyway? [Y]es or [N]o only, please.
The spell is extremely dangerous to miscast (30% risk of failure)!
Continue anyway?
You turn into a venomous arachnid creature.
Your +0 robe melds into your body. 😕 MP[-3]
You lost 3 mp, and now have 1/6 mp.
You hit the kobold but do no damage. The kobold barely misses you.
You hit the kobold.
The kobold is poisoned.
Your transformation is almost over.
The gnoll barely misses you. The kobold misses you.
You hit the kobold.
You kill the kobold!
The gnoll completely misses you. 😕 HP[+1] MP[+1]
The gnoll misses you.
Things that are here:
a +0 whip; a kobold corpse You hit the gnoll.
The gnoll is poisoned.
The gnoll closely misses you. The gnoll hits you with a +0 halberd!
Ouch! That really hurt!
* * * LOW HITPOINT WARNING * * *
😨 HP[-14]
You take 14 damage, and now have 10/26 hp.
MASSIVE DAMAGE!! (PAUSE)
The gnoll attacks as you move away! The gnoll completely misses you.
The gnoll barely misses you.
There is a stone staircase leading up, spattered with blood here.
You see here a +0 club.
The gnoll misses you.
The gnoll hits you from afar with a +0 halberd!
* * * LOW HITPOINT WARNING * * *
You climb upwards.
There is a stone staircase leading down here.
Unknown command. 😱 HP[-7]
You take 7 damage, and now have 3/26 hp.
MASSIVE DAMAGE!! (PAUSE)
You hit the gnoll.
The gnoll is poisoned.
The gnoll completely misses you.
Unknown command.
You hit the gnoll. The gnoll misses you.
You hit the gnoll but do no damage.
Your transformation has ended.
Your +0 robe unmelds from your body. 😱 HP[+1] Unknown command.
It was a potion of haste.
You feel yourself speed up. The gnoll hits you with a +0 flail.
You die...

Skill      XL: |  1  2 |
---------------+-------+-----
Transmutations | 2 |  2.7
Unarmed Combat | 3 |  3.0
Fighting       | |  1.0
Dodging        | |  1.7
Spellcasting   | |  2.4
Poison Magic   | |  0.4

Action                     || total
---------------------------++-------
  Melee: Unarmed           ||    64
         Kick              ||    16
         Headbutt          ||     8
         Punch             ||     2
   Cast: Beastly Appendage ||    11
         Spider Form       ||     4
         Wereblood         ||     1
    Use: Scroll            ||     1
         Potion            ||     1
   Stab: Sleeping          ||     1
 Armour: Robe              ||     6
  Dodge: Dodged            ||    51

Levels and vault maps discovered:
D:1:      dpeg_arrival_rooms_a, layout_loops_ring
D:2:      layout_rooms, chequers_ecumenical_altar_island

Notes
Turn   | Place    | Note
-------+----------+-------------------------------------------
     0 | D:1      | kae the Demonspawn Transmuter began the quest for the Orb.
     0 | D:1      | Reached XP level 1. HP: 15/15 MP: 3/3
     0 | D:1      | magus.rc [v1.11.3]
    97 | D:1      | Reached skill level 2 in Transmutations
   147 | D:1      | Lost mutation: You have razor-sharp toenails. [demonic
                  | ancestry]
   147 | D:1      | Lost mutation: You have sharp toenails. [demonic ancestry]
   147 | D:1      | Gained mutation: You have large cloven feet. [demonic
                  | ancestry]
   147 | D:1      | Reached XP level 2. HP: 18/21 MP: 3/5
   339 | D:1      | Reached skill level 3 in Unarmed Combat
   854 | D:2      | Gained mutation: You may rarely emit foul miasma when
                  | damaged in melee. [demonic ancestry]
   854 | D:2      | Reached XP level 3. HP: 8/26 MP: 4/6
   861 | D:2      | Learned a level 2 spell: Wereblood
   865 | D:2      | Learned a level 3 spell: Spider Form
   965 | D:2      | Found a faded altar of an unknown god.
  1091 | D:2      | HP: 3/26 [gnoll/+0 halberd (8)]
  1096 | D:1      | Slain by a gnoll

Vanquished Creatures
  A gnoll (D:2)
  A worm (D:2)
  A dart slug (D:1)
  A bat (D:1)
  3 endoplasms (D:1)
  A giant cockroach (D:1)
  4 goblins
  5 hobgoblins
  3 kobolds
  A quokka (D:1)
  6 ball pythons
  A frilled lizard (D:1)
  2 rats (D:1)
30 creatures vanquished.

Table legend:
 A = Non-vault XP
 B = Vault XP
 C = Vault XP percentage of total XP
 D = Non-vault monster count
 E = Vault monster count
 F = Vault count percentage of total count
                 A         B        C        D         E       F
            +---------+---------+-------+---------+---------+-------
      Total |      68 |       0 |   0.0 |      30 |       0 |   0.0
            +---------+---------+-------+---------+---------+-------
        D:1 |      39 |       0 |   0.0 |      22 |       0 |   0.0
        D:2 |      29 |       0 |   0.0 |       8 |       0 |   0.0
            +---------+---------+-------+---------+---------+-------

Illustrated notes

Table legend:
 A = Kills in this place as a percentage of kills in entire the game.
 B = Kills by you in this place as a percentage of kills by you in the entire game.
 C = Kills by friends in this place as a percentage of kills by friends in the entire game.
 D = Other kills in this place as a percentage of other kills in the entire game.
 E = Experience gained in this place as a percentage of experience gained in the entire game.
 F = Experience gained in this place divided by the number of levels of this place that you have seen.
                   A       B       C       D       E      F
               +-------+-------+-------+-------+-------+----------------------
         Total | 100.0 | 100.0 |   N/A |   N/A | 100.0 |  34.0
       Dungeon | 100.0 | 100.0 |   N/A |   N/A | 100.0 |  34.0
               +-------+-------+-------+-------+-------+----------------------

Table legend: (Time is in decaauts)
 A = Elapsed time spent in this place.
 B = Non-inter-level travel time spent in this place.
 C = Inter-level travel time spent in this place.
 D = Time resting spent in this place.
 E = Time spent auto-exploring this place.
 F = Levels seen in this place.
 G = Mean time per level.
                   A        B        C        D        E       F      G
               +--------+--------+--------+--------+--------+-----+--------+
         Total |   1097 |   1080 |     17 |    165 |    708 |   2 |  548.5 |
       Dungeon |   1097 |   1080 |     17 |    165 |    708 |   2 |  548.5 |
               +--------+--------+--------+--------+--------+-----+--------+

Top non-repeatable levels by time:
     D:1: 917 daAuts
     D:2: 179 daAuts
